[Event "Titled Tuesday Blitz February 07 Early 2023"]
[White "Mendez Fortes, Eduardo Jesus"]
[Black "Mesa Cruz, Juan Carlos"]
[WhiteFideId "3502376"]
[BlackFideId "6423400"]
[WhiteElo "2250"]
[BlackElo "2122"]
[Result "0-1"]
[Round "09"]
[TimeControl "180+2"]
[Date "2023.02.07"]
[WhiteClock "0:01:41"]
[BlackClock "0:01:17"]

1. e4 c5 2. Nf3 d6 3. d4 cxd4 4. Nxd4 Nf6 5. Nc3 a6 6. Bg5 e6 7. f4 Be7 8. Qf3 Qc7 9. O-O-O Nbd7 10. g4 b5 11. Bxf6 Nxf6 12. g5 Nd7 13. f5 O-O 14. Rg1 b4 15. Nce2 e5 16. f6 exd4 17. fxe7 Re8 18. Nxd4 Ne5 19. Qf4 Rxe7 20. h4 Be6 21. Kb1 Rc8 22. Rd2 a5 23. h5 a4 24. g6 hxg6 25. hxg6 fxg6 26. Nxe6 Rxe6 27. Bh3 Rf6 28. Qe3 Nc4 29. Qd3 Nxd2+ 30. Qxd2 Re8 31. Qxb4 Rb8 32. Qxa4 Qc5 33. Rd1 Qc3 34. b3 Qxh3 35. Qc4+ Qe6 36. Qd4 Re8 37. Re1 Rf4 38. a4 Rxe4 39. Rxe4 Qxe4 40. Qxd6 Rc8 41. Qd2 g5 42. a5 g4 43. a6 g3 44. a7 g2 45. Qd1 Qxc2+ 46. Qxc2 g1=Q+ 47. Kb2 Rxc2+ 0-1


[Site "https://www.chess.com"]

[Event "Titled Tuesday Blitz February 07 Early 2023"]
[White "Ezat, Mohamed"]
[Black "Dinu, Dumitru-Daniel"]
[WhiteFideId "10600906"]
[BlackFideId "1208403"]
[WhiteElo "2402"]
[BlackElo "2203"]
[Result "0-1"]
[Round "09"]
[TimeControl "180+2"]
[Date "2023.02.07"]
[WhiteClock "0:00:02"]
[BlackClock "0:01:00"]

1. d4 Nf6 2. Nc3 d5 3. Bf4 e6 4. e3 Bb4 5. Bd3 c5 6. Nf3 c4 7. Be2 Bxc3+ 8. bxc3 Ne4 9. O-O Nxc3 10. Qd2 Nxe2+ 11. Qxe2 O-O 12. Rab1 Nc6 13. c3 a6 14. e4 b5 15. Ne5 Nxe5 16. Bxe5 Bb7 17. f3 Qe7 18. a4 Bc6 19. a5 Rae8 20. Bg3 f6 21. Rfe1 Qa3 22. Qd2 Qxa5 23. e5 f5 24. Bh4 Qc7 25. f4 a5 26. Re3 Rb8 27. Rg3 b4 28. Rf1 b3 29. Qb2 a4 30. Qa3 b2 31. Rb1 Rb3 32. Qc5 a3 33. Be7 a2 34. Re1 b1=Q 35. Re3 a1=Q 36. Kf2 Rb2+ 37. Kf3 Qxe1 38. Rxe1 Qxe1 39. Bxf8 Qf2# 0-1


[Site "https://www.chess.com"]

[Event "Titled Tuesday Blitz February 07 Early 2023"]
[White "Seletsky, Grigory"]
[Black "Horak, Martin"]
[WhiteFideId "14112191"]
[BlackFideId "367095"]
[WhiteElo "2259"]
[BlackElo "2266"]
[Result "0-1"]
[Round "09"]
[TimeControl "180+2"]
[Date "2023.02.07"]
[WhiteClock "0:00:15"]
[BlackClock "0:00:10"]

1. e4 c5 2. Nc3 Nc6 3. d3 g6 4. Be3 d6 5. d4 cxd4 6. Bxd4 Nxd4 7. Qxd4 e5 8. Bb5+ Bd7 9. Bxd7+ Qxd7 10. Qd3 Nf6 11. Nf3 Bg7 12. O-O-O Rd8 13. Nd5 O-O 14. Kb1 Nxd5 15. Qxd5 Qc6 16. Rd3 Qc8 17. Nd2 Qg4 18. f3 Qxg2 19. Rd1 Qxh2 20. Qxb7 h5 21. Qxa7 h4 22. Nc4 h3 23. Ne3 Qg3 24. Ng4 f5 25. Rg1 Qh4 26. exf5 gxf5 27. Qf2 Qxf2 28. Nxf2 e4 29. Re3 h2 30. Rh1 Bd4 31. Re2 exf3 32. Rd2 Be3 33. Kc1 Rfe8 34. Nd3 Bxd2+ 35. Kxd2 Re2+ 36. Kc3 Rc8+ 37. Kd4 Rcxc2 38. a4 Rg2 39. Ne1 Rg1 40. Rxh2 Rxh2 41. Nxf3 Rgg2 42. Nxh2 Rxh2 43. b4 Ra2 44. a5 Ra4 45. Kd5 Rxb4 46. Kc6 Ra4 47. Kb5 Rxa5+ 48. Kxa5 f4 49. Kb4 f3 50. Kc3 f2 51. Kd2 f1=Q 52. Ke3 Qf5 53. Kd4 Qe5+ 54. Kc4 d5+ 55. Kb4 d4 56. Kc4 Qe3 57. Kd5 d3 58. Kc4 d2 59. Kd5 d1=Q+ 60. Kc4 Qed4+ 0-1


[Site "https://www.chess.com"]

[Event "Titled Tuesday Blitz February 07 Early 2023"]
[White "Khokhlova, Daria"]
[Black "Vivas Zamora, Fabian Ernesto"]
[WhiteFideId "24182729"]
[BlackFideId "3902480"]
[WhiteElo "2111"]
[BlackElo "2346"]
[Result "1-0"]
[Round "09"]
[TimeControl "180+2"]
[Date "2023.02.07"]
[WhiteClock "0:00:06"]
[BlackClock "0:00:01"]

1. d4 Nf6 2. c4 c5 3. d5 b5 4. cxb5 a6 5. bxa6 g6 6. Nc3 Bg7 7. g3 Bxa6 8. Bg2 d6 9. Nf3 O-O 10. O-O Nbd7 11. Rb1 Qa5 12. Bd2 Rfb8 13. Qc2 Ng4 14. b3 c4 15. b4 Rxb4 16. h3 Ngf6 17. Nd4 Rxb1 18. Rxb1 Qc7 19. Nc6 Nc5 20. Nb5 Bxb5 21. Rxb5 e6 22. dxe6 fxe6 23. Qxc4 Ra4 24. Qc2 Nfe4 25. Nb4 Nxd2 26. Qxd2 Bf8 27. Nc6 Nd7 28. Qc2 Nf6 29. Qxa4 d5 30. Nd4 Qc1+ 31. Bf1 Ne4 32. Nb3 Qe1 33. Qd4 Bg7 34. Qe3 Bf6 35. Rb8+ Kg7 36. Qa7+ Kh6 37. Qe3+ Bg5 38. f4 Be7 39. g4 1-0


[Site "https://www.chess.com"]

[Event "Titled Tuesday Blitz February 07 Early 2023"]
[White "Mushini Ajay"]
[Black "Gurevich, Dmitry"]
[WhiteFideId "35066188"]
[BlackFideId "2000407"]
[WhiteElo "2310"]
[BlackElo "2393"]
[Result "0-1"]
[Round "09"]
[TimeControl "180+2"]
[Date "2023.02.07"]
[WhiteClock "0:00:08"]
[BlackClock "0:01:24"]

1. e4 c5 2. d4 cxd4 3. c3 dxc3 4. Nxc3 d6 5. Nf3 e6 6. Bc4 a6 7. O-O Be7 8. Qe2 b5 9. Bb3 Nf6 10. Rd1 Nbd7 11. e5 dxe5 12. Nxe5 Qb6 13. Be3 Qb7 14. Nxf7 Kxf7 15. Bxe6+ Kxe6 16. Bc5+ Ne5 17. Bd4 Kf7 18. Bxe5 Re8 19. Qd3 Be6 20. h3 Rad8 21. Qg3 b4 22. Ne2 Qe4 23. Nd4 Nh5 24. Qh2 Bf6 25. Bxf6 Nxf6 26. Qc7+ Rd7 27. Qc5 Red8 28. Nxe6 Rxd1+ 29. Kh2 Qxe6 30. Rxd1 0-1


[Site "https://www.chess.com"]

[Event "Titled Tuesday Blitz February 07 Early 2023"]
[White "Begunov, Konstantin"]
[Black "Shuvalov, Evgenij"]
[WhiteFideId "4118510"]
[BlackFideId "4187237"]
[WhiteElo "2325"]
[BlackElo "2038"]
[Result "1/2-1/2"]
[Round "09"]
[TimeControl "180+2"]
[Date "2023.02.07"]
[WhiteClock "0:00:08"]
[BlackClock "0:01:18"]

1. d4 Nf6 2. c4 g6 3. f3 d5 4. cxd5 Nxd5 5. e4 Nb6 6. Be3 Bg7 7. Nc3 Nc6 8. d5 Ne5 9. f4 Ng4 10. Bd4 e5 11. fxe5 O-O 12. Nf3 Qe7 13. Qd2 Nxe5 14. Nxe5 Bxe5 15. O-O-O Bg4 16. Be2 Bxe2 17. Qxe2 c6 18. Bxe5 Qxe5 19. Qd3 Rad8 20. Kb1 Rfe8 21. h3 Rd6 22. Qf3 Red8 23. Rhf1 R8d7 24. dxc6 Rxd1+ 25. Rxd1 Rxd1+ 26. Qxd1 bxc6 27. Qd8+ Kg7 28. Qa8 Qf6 29. Qxa7 Qf1+ 30. Kc2 Qxg2+ 31. Kb3 Qf2 32. a4 Qc5 33. a5 Qc4+ 34. Ka3 Qc5+ 35. Kb3 Qc4+ 36. Ka3 Qc5+ 37. Kb3 1/2-1/2


[Site "https://www.chess.com"]

[Event "Titled Tuesday Blitz February 07 Early 2023"]
[White "Fernandez Siles, Luis"]
[Black "Tymrakiewicz, Rafal"]
[WhiteFideId "2209420"]
[BlackFideId "1108832"]
[WhiteElo "2218"]
[BlackElo "2144"]
[Result "0-1"]
[Round "09"]
[TimeControl "180+2"]
[Date "2023.02.07"]
[WhiteClock "0:00:16"]
[BlackClock "0:01:19"]

1. d4 Nf6 2. c4 d6 3. Nc3 e5 4. Nf3 Nc6 5. d5 Nb8 6. e4 a5 7. h3 Na6 8. Be3 b6 9. Be2 Bd7 10. Nd2 Nc5 11. O-O Be7 12. Rb1 O-O 13. b3 Qc8 14. Kh2 Ne8 15. g4 g6 16. a3 Ng7 17. Rg1 Kh8 18. b4 axb4 19. axb4 Na4 20. Nxa4 Bxa4 21. Qc1 Bd7 22. c5 bxc5 23. bxc5 f5 24. gxf5 gxf5 25. Bh6 Rg8 26. Bxg7+ Rxg7 27. Rxg7 Kxg7 28. c6 Be8 29. Rb7 Ra2 30. Bc4 Ra8 31. Qg1+ Bg6 32. exf5 Qxf5 33. Rxc7 Re8 34. Qg4 Qxf2+ 35. Qg2 Qf4+ 36. Qg3 Qxd2+ 0-1


[Site "https://www.chess.com"]

[Event "Titled Tuesday Blitz February 07 Early 2023"]
[White "Rudzinska, Michalina"]
[Black "Florescu, Codrut-Constantin"]
[WhiteFideId "1172883"]
[BlackFideId "1202200"]
[WhiteElo "2244"]
[BlackElo "2259"]
[Result "1-0"]
[Round "09"]
[TimeControl "180+2"]
[Date "2023.02.07"]
[WhiteClock "0:00:50"]
[BlackClock "0:00:23"]

1. e4 c5 2. Nf3 e6 3. d4 cxd4 4. Nxd4 Nf6 5. Bd3 Nc6 6. Nxc6 dxc6 7. Nd2 e5 8. Nc4 Qc7 9. O-O Be6 10. a4 Bc5 11. Qe2 O-O 12. Be3 Bxe3 13. Qxe3 b6 14. Rfe1 Nd7 15. Qg3 f6 16. Ne3 Nc5 17. Bc4 Bxc4 18. Nxc4 Rfd8 19. b4 Ne6 20. Ne3 Nf4 21. Qf3 Rd2 22. Rad1 Rad8 23. Rxd2 Rxd2 24. Rd1 Qd7 25. Rxd2 Qxd2 26. g3 Qe1+ 27. Nf1 Ne2+ 28. Kg2 Nd4 29. Qg4 Qxb4 30. Ne3 Qe7 31. Qc8+ Kf7 32. c3 Ne6 33. Qxc6 Qc7 34. Qb5 Nc5 35. Qc4+ Kg6 36. Nf5 h5 37. Qg8 Nxe4 38. Nh4+ Kg5 39. Qh7 Qf7 40. Qxe4 Kh6 41. Nf5+ Kh7 42. Nd6+ Qg6 43. Qxg6+ Kxg6 44. Nc8 a5 45. Nxb6 f5 46. Nc4 e4 47. Nxa5 Kf6 48. Nc4 1-0


[Site "https://www.chess.com"]

[Event "Titled Tuesday Blitz February 07 Early 2023"]
[White "JonSnowNW1"]
[Black "Manukian, Artak"]
[BlackFideId "13301373"]
[WhiteElo "2329"]
[BlackElo "2196"]
[Result "0-1"]
[Round "09"]
[TimeControl "180+2"]
[Date "2023.02.07"]
[WhiteClock "0:00:02"]
[BlackClock "0:00:13"]

1. c4 e5 2. Nc3 Nc6 3. g3 h5 4. h3 f5 5. Bg2 h4 6. g4 fxg4 7. hxg4 d6 8. Qc2 Nge7 9. Be4 Be6 10. Nf3 Qd7 11. e3 O-O-O 12. a3 Bxg4 13. Rxh4 Rxh4 14. Nxh4 g5 15. Nf3 Bh6 16. b4 Rf8 17. Ng1 Bh5 18. Bb2 Qg4 19. Nge2 Qh4 20. O-O-O Qxf2 21. Bd3 Bf3 22. b5 Nd8 23. c5 dxc5 24. Qa4 Kb8 25. Kc2 Ne6 26. Nc1 Bxd1+ 27. Nxd1 Qh2 28. Nb3 Nd5 29. Be4 Nb6 30. Qa5 Rd8 31. Qc3 Bf8 32. Na5 Nd5 33. Qxe5 Qxe5 34. Bxe5 Bd6 0-1


[Site "https://www.chess.com"]

[Event "Titled Tuesday Blitz February 07 Early 2023"]
[White "Cepo, Toni"]
[Black "Jimenez, Joaquin"]
[WhiteFideId "4675916"]
[BlackFideId "109860"]
[WhiteElo "2145"]
[BlackElo "2195"]
[Result "1-0"]
[Round "09"]
[TimeControl "180+2"]
[Date "2023.02.07"]
[WhiteClock "0:00:22"]
[BlackClock "0:00:14"]

1. e4 e6 2. d4 d5 3. Nd2 Nf6 4. e5 Nfd7 5. c3 c5 6. f4 Nc6 7. Ndf3 Be7 8. g3 f6 9. Kf2 fxe5 10. fxe5 O-O 11. Kg2 cxd4 12. cxd4 Nb6 13. h4 Bd7 14. b3 Be8 15. Bd3 Nb4 16. Bb1 Rc8 17. Ng5 h6 18. a3 Bxg5 19. Bxg5 hxg5 20. axb4 g4 21. Qd3 Rf5 22. Ne2 Bg6 23. Nf4 Qe8 24. Nxg6 Qxg6 25. Rf1 Rcf8 26. Rxf5 exf5 27. Rxa7 Qc6 28. Qc2 Qb5 29. Rxb7 Qxb4 30. Qd3 Qa5 31. e6 Nc8 32. b4 Qa3 33. Qxa3 1-0


[Site "https://www.chess.com"]

[Event "Titled Tuesday Blitz February 07 Early 2023"]
[White "sabkeIXO"]
[Black "Fan_Of_Chucky"]
[WhiteElo "2467"]
[BlackElo "2269"]
[Result "1-0"]
[Round "09"]
[TimeControl "180+2"]
[Date "2023.02.07"]
[WhiteClock "0:01:07"]
[BlackClock "0:00:06"]

1. e4 c6 2. d4 d5 3. e5 e6 4. Nf3 c5 5. c3 Nc6 6. Bd3 cxd4 7. O-O dxc3 8. Nxc3 Bb4 9. Qe2 Nge7 10. a3 Ba5 11. b4 Bb6 12. Bb2 Ng6 13. g3 a6 14. Rac1 O-O 15. h4 Nd4 16. Nxd4 Bxd4 17. Bxg6 hxg6 18. Na4 Bxb2 19. Nxb2 Bd7 20. Qe3 Bb5 21. Rfd1 Rc8 22. a4 Bd7 23. Qb3 Qe7 24. Nd3 Rxc1 25. Rxc1 Rc8 26. Rxc8+ Bxc8 27. Qc3 Qd7 28. a5 Qd8 29. Qc5 Bd7 30. Qd6 Qc8 31. Nc5 Bc6 32. f4 Kh7 33. Kf2 Kg8 34. Ke3 Kh7 35. Kd4 Kg8 36. g4 Kh7 37. g5 Kg8 38. Qe7 Qe8 39. Qxe8+ Bxe8 40. Nxb7 Bb5 41. Nd6 Bf1 42. b5 1-0


[Site "https://www.chess.com"]

[Event "Titled Tuesday Blitz February 07 Early 2023"]
[White "Mirzanurov, Bulat"]
[Black "Alhadad, Mahmoud"]
[WhiteFideId "4184521"]
[BlackFideId "11501863"]
[WhiteElo "2232"]
[BlackElo "1840"]
[Result "1-0"]
[Round "09"]
[TimeControl "180+2"]
[Date "2023.02.07"]
[WhiteClock "0:00:14"]
[BlackClock "0:00:04"]

1. e4 d5 2. exd5 Nf6 3. Nf3 Bg4 4. d4 Qxd5 5. Be2 Nc6 6. h3 Bxf3 7. Bxf3 Qf5 8. c4 e6 9. Nc3 Bd6 10. Be3 O-O 11. Qa4 Nb4 12. O-O-O Nd3+ 13. Rxd3 Qxd3 14. Rd1 Qg6 15. g4 c6 16. Be2 Nd7 17. g5 Qf5 18. Bg4 Qg6 19. h4 h5 20. Be2 Qf5 21. Bxh5 Bf4 22. Be2 Bxe3+ 23. fxe3 Qf2 24. Kd2 Qxh4 25. g6 fxg6 26. c5 Nf6 27. Qb3 Nd5 28. Na4 Rf2 29. Qxb7 Raf8 30. Qxc6 Rxe2+ 31. Kxe2 Qf2+ 32. Kd3 Qxe3+ 33. Kc4 Qe2+ 34. Rd3 Nf4 35. Qf3 Qxd3+ 36. Qxd3 Nxd3 37. Kxd3 g5 38. b4 g4 39. Nc3 g3 40. Ne2 g2 41. c6 a6 42. a4 Rb8 43. b5 axb5 44. axb5 Kf7 45. c7 Rc8 46. b6 Ke7 47. b7 Kd7 48. b8=Q Rxc7 49. Qg8 Kd6 50. Qf8+ Kc6 51. Qf3+ Kb5 52. Qxg2 Rd7 53. Qe4 Rd5 54. Qxe6 Rd6 55. Qxd6 Ka4 56. Qe7 g5 57. Qxg5 Kb3 58. d5 Kb2 59. d6 Kb1 60. d7 Kb2 61. d8=Q Kb1 62. Qb5+ Ka2 63. Qda5# 1-0


[Site "https://www.chess.com"]

[Event "Titled Tuesday Blitz February 07 Early 2023"]
[White "Tobares, Leandro"]
[Black "Sai Han Thiha"]
[WhiteFideId "106402"]
[BlackFideId "13012290"]
[WhiteElo "2189"]
[BlackElo "2070"]
[Result "0-1"]
[Round "09"]
[TimeControl "180+2"]
[Date "2023.02.07"]
[WhiteClock "0:00:44"]
[BlackClock "0:00:12"]

1. c4 Nf6 2. Nc3 g6 3. g3 Bg7 4. Bg2 O-O 5. Nf3 d6 6. O-O e5 7. d3 Nc6 8. Rb1 a5 9. a3 Re8 10. e4 Nd7 11. b4 axb4 12. axb4 f5 13. exf5 gxf5 14. Nh4 Nf8 15. Nd5 Nd4 16. Be3 c6 17. Bxd4 exd4 18. Nf4 Bf6 19. Qh5 Bxh4 20. gxh4 Bd7 21. Kh1 Qf6 22. b5 Kh8 23. bxc6 bxc6 24. Rb7 Rab8 25. Rfb1 Rxb7 26. Rxb7 Re1+ 27. Bf1 Rxf1+ 28. Kg2 Re1 29. Rb8 Qg7+ 30. Kf3 Re8 31. Rxe8 Bxe8 32. Qg5 Qxg5 33. hxg5 c5 34. Nd5 Ne6 35. h4 Bc6 36. Kg3 Bxd5 37. cxd5 Nc7 38. Kf4 Nxd5+ 39. Kxf5 Nb4 40. Ke4 d5+ 41. Ke5 Nxd3+ 42. Kxd5 Nxf2 43. Kxc5 d3 0-1


[Site "https://www.chess.com"]

[Event "Titled Tuesday Blitz February 07 Early 2023"]
[White "Abdilkhair, Abilmansur"]
[Black "ritanovikova"]
[WhiteFideId "13716417"]
[WhiteElo "2268"]
[BlackElo "2202"]
[Result "1-0"]
[Round "09"]
[TimeControl "180+2"]
[Date "2023.02.07"]
[WhiteClock "0:00:09"]
[BlackClock "0:00:11"]

1. d4 e6 2. c4 Nf6 3. Nf3 Bb4+ 4. Nc3 d5 5. Qa4+ Nc6 6. e3 O-O 7. Bd2 a6 8. cxd5 exd5 9. Bd3 Bd6 10. O-O Bg4 11. Ne1 Re8 12. h3 Bh5 13. Rc1 Bg6 14. Bxg6 hxg6 15. Nd3 g5 16. Qd1 Qd7 17. Na4 b6 18. Nc3 Ne7 19. Ne5 Qf5 20. Qf3 Bxe5 21. dxe5 Qxe5 22. Rfd1 c6 23. Ne2 c5 24. Bc3 Qe4 25. Qg3 Qf5 26. Qd6 Qe6 27. Qxe6 fxe6 28. b4 Rac8 29. bxc5 bxc5 30. Be5 Kf7 31. Bd6 c4 32. Nd4 Nf5 33. Be5 Nxd4 34. Bxd4 Red8 35. g4 e5 36. Bc3 Ke6 37. Ba5 Rd7 38. Rb1 Ne4 39. Rb6+ Rd6 40. Rb7 Rg8 41. Bb4 Rc6 42. Re7+ Kf6 43. Rxd5 c3 44. Rexe5 c2 45. Rf5+ Kg6 46. Ba3 c1=Q+ 47. Bxc1 Rxc1+ 48. Kg2 Re8 49. Ra5 Rc2 50. Rxa6+ Kh7 51. Ra7 Nd6 52. Rxg5 Rg8 53. Rd5 Ne4 54. Rf5 Kg6 55. Rf4 Ng5 56. h4 Nh7 57. Ra6+ Nf6 58. g5 Rd8 59. gxf6 gxf6 60. Raxf6+ Kg7 61. a4 Rg8 62. Rg4+ Kxf6 63. Rxg8 Rc4 64. Kg3 Rxa4 65. Rg4 Ra8 66. Rd4 Ke5 67. Rg4 Rf8 68. Rg5+ Kf6 69. Rc5 Rg8+ 70. Kf3 Rh8 71. h5 Ke6 72. e4 Kd6 73. Rd5+ Ke6 74. Ke3 Rf8 75. f4 Rh8 76. Re5+ Kf6 77. Ra5 Rb8 78. Ra6+ Kg7 79. f5 Rb3+ 80. Kf4 Rh3 81. Kg5 Rg3+ 82. Kf4 Rg2 83. h6+ Kh7 84. Ke5 Rg1 85. Rg6 Rd1 86. Ke6 Rd8 87. e5 Ra8 88. Kd5 Ra5+ 89. Kd6 Ra6+ 90. Kd5 Ra5+ 91. Ke4 Ra4+ 92. Ke3 Ra5 93. Re6 Ra3+ 94. Kf4 Ra4+ 95. Kg5 Ra8 96. Re7+ Kh8 97. Kg6 Rg8+ 98. Kf6 Rf8+ 99. Ke6 Ra8 100. f6 Ra6+ 101. Kf5 Ra8 102. f7 Rf8 103. Re8 Kh7 104. Rxf8 Kxh6 105. Rh8+ Kg7 106. f8=Q# 1-0


[Site "https://www.chess.com"]

[Event "Titled Tuesday Blitz February 07 Early 2023"]
[White "Dilmukhametov, Artur"]
[Black "Shapiro, Viktor"]
[WhiteFideId "24179922"]
[BlackFideId "4175700"]
[WhiteElo "2276"]
[BlackElo "2192"]
[Result "0-1"]
[Round "09"]
[TimeControl "180+2"]
[Date "2023.02.07"]
[WhiteClock "0:00:11"]
[BlackClock "0:00:55"]

1. e4 Nf6 2. e5 Nd5 3. d4 d6 4. c4 Nb6 5. exd6 cxd6 6. Nc3 g6 7. b3 Bg7 8. Be3 O-O 9. Rc1 f5 10. f4 e5 11. dxe5 dxe5 12. Qxd8 Rxd8 13. fxe5 Nc6 14. c5 Nd7 15. Bc4+ Kh8 16. Nf3 Ndxe5 17. O-O Nxc4 18. bxc4 Rd3 19. Nd5 Be6 20. Rfd1 Ra3 21. Nc7 Rc8 22. Nxe6 Rxe3 23. Nxg7 Kxg7 24. Rd7+ Re7 25. Rcd1 Rc7 26. R7d6 Na5 27. Nd4 Kf7 28. Nb5 Rxc5 29. Nxa7 Nxc4 30. Rd7 Ne3 31. R1d2 Rc1+ 32. Kf2 Ng4+ 33. Kg3 Rc3+ 34. Kf4 Rc4+ 35. Kg3 Rc3+ 36. Kf4 Nf6 37. Rxe7+ Kxe7 38. Nb5 Rc4+ 39. Kf3 Ne4 40. Rb2 Kf6 41. h4 h6 42. Ke3 Nc5 43. Nd4 Rc3+ 44. Ke2 Rd3 45. Nf3 Ra3 46. Rb6+ Kg7 47. Ne5 Rxa2+ 48. Kf3 Ra3+ 49. Ke2 Rg3 50. Rb5 Ne4 51. Rxb7+ Kf6 52. Nd7+ Ke6 53. Kf1 Rg4 54. Nf8+ Ke5 55. Rb6 g5 56. Ng6+ Kd4 57. hxg5 hxg5 58. Rb4+ Ke3 59. Rb3+ Kd2 60. Ne5 Rf4+ 61. Nf3+ Kc2 0-1


[Site "https://www.chess.com"]

[Event "Titled Tuesday Blitz February 07 Early 2023"]
[White "Ordekalog"]
[Black "Lucassen, Mickey"]
[BlackFideId "12919110"]
[WhiteElo "2555"]
[BlackElo "2023"]
[Result "1-0"]
[Round "09"]
[TimeControl "180+2"]
[Date "2023.02.07"]
[WhiteClock "0:00:32"]
[BlackClock "0:00:10"]

1. e4 c5 2. d3 g6 3. g3 Bg7 4. Bg2 Nc6 5. f4 e6 6. Nf3 Nge7 7. c3 O-O 8. Be3 b6 9. O-O d5 10. Bf2 Bb7 11. Na3 a6 12. e5 Qc7 13. Nc2 Rfd8 14. Re1 Rac8 15. Qd2 d4 16. c4 b5 17. b3 b4 18. g4 a5 19. Bh4 a4 20. Bf6 axb3 21. axb3 Ra8 22. Ng5 Na5 23. Rab1 Rdc8 24. Ne4 Bxe4 25. Bxe4 Nec6 26. f5 Nxe5 27. Bxg7 Kxg7 28. f6+ Kxf6 29. Bxa8 Rxa8 30. Qf4+ Ke7 31. Qxe5 Qxe5 32. Rxe5 Kd6 33. Re2 Nc6 34. g5 Ne5 35. Ne1 Ra3 36. Kg2 Nc6 37. Kg3 Na5 38. Reb2 Nc6 39. Nf3 e5 40. Nd2 Ra5 41. Ne4+ Ke7 42. Rf1 Nd8 43. Re2 Ne6 44. Nf6 Kd6 45. Ne8+ Ke7 46. Nf6 Kd6 47. Nxh7 Nf4 48. Rxf4 exf4+ 49. Kxf4 Ra3 50. Rb2 Ra1 51. Nf6 Rd1 52. Ne4+ Kc6 53. Nf2 Re1 54. Ra2 Rb1 55. Ne4 Rxb3 56. Ra6+ Kc7 57. Nxc5 Rc3 58. Ke4 b3 59. Kxd4 b2 60. Ra7+ Kc6 61. Rb7 Rc1 62. Rxb2 Rg1 63. Ne4 1-0


[Site "https://www.chess.com"]

[Event "Titled Tuesday Blitz February 07 Early 2023"]
[White "Rosenberg, Evan S"]
[Black "Perez Gormaz, Matias"]
[WhiteFideId "2019299"]
[BlackFideId "3406342"]
[WhiteElo "1956"]
[BlackElo "2406"]
[Result "1/2-1/2"]
[Round "09"]
[TimeControl "180+2"]
[Date "2023.02.07"]
[WhiteClock "0:01:49"]
[BlackClock "0:02:19"]

1. d4 d5 2. Nf3 c6 3. c3 Bf5 4. Qb3 Qb6 5. Bf4 Nd7 6. Nbd2 e6 7. h3 h6 8. e3 Ngf6 9. Be2 Be7 10. O-O O-O 11. c4 c5 12. cxd5 Nxd5 13. Bh2 Bh7 14. e4 N5f6 15. e5 Nd5 16. Nc4 Qxb3 17. axb3 Rfc8 1/2-1/2


[Site "https://www.chess.com"]

[Event "Titled Tuesday Blitz February 07 Early 2023"]
[White "Lehtosaari, Mauri"]
[Black "Sputnik-11"]
[WhiteFideId "501999"]
[WhiteElo "2176"]
[BlackElo "2381"]
[Result "1/2-1/2"]
[Round "09"]
[TimeControl "180+2"]
[Date "2023.02.07"]
[WhiteClock "0:00:09"]
[BlackClock "0:00:10"]

1. d4 Nf6 2. Nf3 c5 3. e3 g6 4. Bd3 Bg7 5. O-O O-O 6. b3 d5 7. Bb2 cxd4 8. Bxd4 Nc6 9. Bb2 Qc7 10. Nbd2 e5 11. Be2 Rd8 12. a3 Bf5 13. Rc1 Rac8 14. c4 d4 15. exd4 exd4 16. Re1 Ng4 17. Bf1 Nge5 18. h3 Nd3 19. Bxd3 Bxd3 20. Nf1 Bxf1 21. Rxf1 d3 22. Bxg7 Kxg7 23. Qd2 Qd6 24. b4 Kg8 25. Rfd1 Ne5 26. Nxe5 Qxe5 27. Rc3 Qe2 28. c5 b6 29. c6 b5 30. Rxd3 Qxd2 31. R1xd2 Rxd3 32. Rxd3 Rxc6 33. Rd7 a6 34. Ra7 h5 35. g3 Kg7 36. Kg2 Kf6 37. Kf1 Re6 38. h4 Kg7 39. Kg2 Kf6 40. Kf3 Kg7 41. Kf4 Kf6 42. f3 Rc6 43. Ke4 Ke6 44. Ra8 Rc4+ 45. Kd3 Rc6 46. Kd4 Kd7 47. Ra7+ Ke6 48. Kd3 Rd6+ 49. Ke4 Rc6 50. g4 hxg4 51. fxg4 Rc4+ 52. Kf3 Rc3+ 53. Kf4 Rxa3 54. Rb7 Kf6 55. Rb6+ Kg7 56. h5 gxh5 57. gxh5 Ra4 58. Kg5 Rxb4 59. Rxa6 Rc4 60. Rb6 Rc5+ 61. Kg4 f6 62. Kh4 Kh6 63. Rxf6+ Kg7 64. Rb6 Kh7 65. Kg4 Kg7 66. Kh4 Kh7 67. Kg4 Kg7 68. Kh4 1/2-1/2


[Site "https://www.chess.com"]

[Event "Titled Tuesday Blitz February 07 Early 2023"]
[White "Mrudul Dehankar"]
[Black "Fiorito, Francisco"]
[WhiteFideId "25096990"]
[BlackFideId "180165"]
[WhiteElo "2030"]
[BlackElo "2305"]
[Result "0-1"]
[Round "09"]
[TimeControl "180+2"]
[Date "2023.02.07"]
[WhiteClock "0:00:02"]
[BlackClock "0:00:24"]

1. e4 c5 2. Nf3 Nc6 3. d4 cxd4 4. Nxd4 g6 5. Nc3 Bg7 6. Be3 Nf6 7. Bc4 O-O 8. Bb3 Re8 9. O-O d6 10. h3 Na5 11. f4 Nxb3 12. axb3 a6 13. Nf3 Nd7 14. Bd4 Bh6 15. f5 Nc5 16. fxg6 hxg6 17. Qe1 Ne6 18. Qh4 Nxd4 19. Qxh6 Qb6 20. Kh1 Nxf3 21. Rxf3 Be6 22. Raf1 Qd4 23. Qg5 Rac8 24. Nd5 Bxd5 25. exd5 Rf8 26. Qxe7 Qxd5 27. c4 Qe6 28. Qxb7 a5 29. Qa6 Rc5 30. Rf6 Qe2 31. Qxd6 Rg5 32. Qh2 Qxb2 33. R6f2 Qxb3 34. Qf4 Rf5 35. Qg4 Rxf2 36. Rxf2 Rd8 37. c5 Rd1+ 38. Kh2 Qb8+ 39. Qg3 Rh1+ 40. Kxh1 Qxg3 41. Rd2 Qe1+ 0-1


[Site "https://www.chess.com"]

[Event "Titled Tuesday Blitz February 07 Early 2023"]
[White "Buscar, Michael"]
[Black "Herman, Daniel"]
[WhiteFideId "2603616"]
[BlackFideId "30935008"]
[WhiteElo "2041"]
[BlackElo "1956"]
[Result "0-1"]
[Round "09"]
[TimeControl "180+2"]
[Date "2023.02.07"]
[WhiteClock "0:01:23"]
[BlackClock "0:00:25"]

1. Nf3 d5 2. b3 Bg4 3. Bb2 Bxf3 4. gxf3 e6 5. Rg1 Nf6 6. e3 g6 7. Nc3 Bg7 8. Ne2 O-O 9. d3 c5 10. Qd2 Nc6 11. Ng3 e5 12. O-O-O Kh8 13. h4 h5 14. f4 exf4 15. exf4 d4 16. f5 Ng4 17. Kb1 Re8 18. Bh3 Bh6 19. f4 Qxh4 20. Bxg4 Qxg4 21. fxg6 fxg6 22. Ne4 Qf5 23. Nd6 Bxf4 24. Nxf5 Bxd2 25. Rxg6 Re2 26. Rh1 Re1+ 27. Rxe1 Bxe1 28. Rh6+ Kg8 29. Rxh5 Re8 30. Bc1 Bc3 31. Rh1 Re2 32. Bb2 Bxb2 33. Kxb2 Nb4 34. Rc1 Nxd3+ 0-1


[Site "https://www.chess.com"]

[Event "Titled Tuesday Blitz February 07 Early 2023"]
[White "Hajiyev, Kanan"]
[Black "Prieto Aranguren, Alain"]
[WhiteFideId "13404148"]
[BlackFideId "2268906"]
[WhiteElo "2197"]
[BlackElo "2258"]
[Result "1/2-1/2"]
[Round "09"]
[TimeControl "180+2"]
[Date "2023.02.07"]
[WhiteClock "0:00:14"]
[BlackClock "0:00:09"]

1. d4 g6 2. e4 Bg7 3. f4 c6 4. Nf3 d5 5. e5 Nh6 6. Bd3 Bf5 7. O-O Qc8 8. c4 Bxd3 9. Qxd3 Qf5 10. Qb3 Qd7 11. e6 fxe6 12. Nc3 Nf5 13. Rd1 O-O 14. c5 Na6 15. Qc2 Nb4 16. Qf2 b6 17. a3 Na6 18. b4 bxc5 19. bxc5 Nxc5 20. dxc5 Bxc3 21. Bb2 Bxb2 22. Qxb2 Rab8 23. Qc2 Qc7 24. g3 Ne3 25. Qe2 Nxd1 26. Qxe6+ Rf7 27. Ng5 Rf8 28. Rxd1 Qc8 29. Qe5 Qg4 30. Rb1 Rxf4 31. Qxe7 R4f7 32. Nxf7 Qd4+ 33. Kg2 Rxf7 34. Qe8+ Kg7 35. Re1 Qf2+ 36. Kh3 Rf5 37. Qe7+ Kh6 38. Re5 Qf1+ 39. Kg4 Qd1+ 40. Kh3 Rh5+ 41. Rxh5+ Qxh5+ 42. Kg2 Qf5 43. Qh4+ Kg7 44. Qe7+ Kg8 45. Qe8+ Kg7 46. Qe7+ Kg8 47. Qe8+ Qf8 48. Qxc6 Qd8 49. Kf2 Kf8 50. Ke3 Ke7 51. Qb7+ Ke6 52. c6 Qg5+ 53. Kd4 Qe5+ 54. Kc5 Qc3+ 55. Kb5 Qb3+ 56. Ka5 Qxa3+ 57. Kb5 Qb3+ 58. Ka5 Qc3+ 59. Ka6 Qa3+ 60. Kb5 Qd3+ 61. Kb4 Qb1+ 62. Kc3 Qc1+ 63. Kd3 Qc4+ 64. Kd2 Qd4+ 65. Kc2 Qc4+ 66. Kb2 Qd4+ 67. Kb3 Qd3+ 68. Kb2 Qd2+ 69. Kb1 Qd3+ 70. Kb2 Qd2+ 71. Ka3 Qc3+ 72. Ka4 Qc4+ 73. Ka3 Qc3+ 74. Ka2 Qc2+ 75. Ka3 Qd3+ 76. Kb4 Qc4+ 77. Ka5 Qc3+ 78. Kb5 Qb3+ 79. Kc5 Qc3+ 80. Kb5 Qb3+ 1/2-1/2


[Site "https://www.chess.com"]